 Seeded DCSS version 0.28-a0-1524-ge72afd5fc6 (webtiles) character file.

Game seed: 14539205175287076395 (custom seed)

866 innerfire433 the Twirler (level 7, -4/50 HPs)
             Began as a Minotaur Venom Mage on Jan 16, 2022.
             Was a Believer of Makhleb.
             Slain by a hornet zombie (11 damage)
             ... on level 5 of the Dungeon on Jan 17, 2022.
             The game lasted 00:20:54 (5124 turns).

innerfire433 the Twirler (Minotaur Venom Mage)      Turns: 5124, Time: 00:20:56

Health: -4/50      AC:  3    Str: 14    XL:     7   Next: 72%
Magic:  6/8        EV: 12    Int: 12    God:    Makhleb [**....]
Gold:   53         SH:  5    Dex: 11    Spells: 5/8 levels left

rFire   . . .      SeeInvis .   d - staff of poison
rCold   . . .      Faith    .   (no shield)
rNeg    . . .      Spirit   .   a - +0 robe
rPois   +          Reflect  +   (helmet restricted)
rElec   .          Harm     .   (no cloak)
rCorr   .          Rampage  .   k - +0 pair of gloves
Will    .....                   (no boots)
Stlth   ++........              i - amulet of reflection
HPRegen 0.16/turn               (no ring)
MPRegen 0.11/turn               (no ring)

@: very slightly contaminated
A: horns 2, retaliatory headbutt
a: Renounce Religion, Minor Destruction


You were on level 5 of the Dungeon.
You worshipped Makhleb.
Makhleb was pleased with you.
You visited 1 branch of the dungeon, and saw 5 of its levels.

You collected 238 gold pieces.
You spent 185 gold pieces at shops.

Inventory:

Hand Weapons
 o - a +2 scythe of venom
Armour
 a - a +0 robe (worn)
 e - a +0 leather armour
 k - a +0 pair of gloves (worn)
Magical Staves
 d - a staff of poison (weapon)
Jewellery
 i - an amulet of reflection (around neck)
 s - a ring of willpower
Scrolls
 b - a scroll of vulnerability {unknown}
 h - a scroll of identify {unknown}
 j - 2 scrolls of teleportation {unknown}
 l - a scroll of summoning {unknown}
 m - a scroll of magic mapping {unknown}
Potions
 c - 2 potions of flight
 f - a potion of curing
 g - a potion of brilliance
 n - a potion of resistance {unknown}
 p - a potion of mutation {unknown}
 q - a potion of magic {unknown}


   Skills:
 + Level 5.0 Staves
 - Level 1.1 Armour
 - Level 2.3 Dodging
 - Level 1.5 Stealth
 + Level 2.0 Shields
 - Level 1.4 Spellcasting
 - Level 0.7 Transmutations
 + Level 5.0 Poison Magic
 * Level 3.5 Evocations


You had 5 spell levels left.
You knew the following spells:

 Your Spells              Type           Power      Damage    Failure   Level
a - Sting                 Tmut/Pois      44%        1d5       9%          1
b - Poisonous Vapours     Pois/Air       20%        N/A       16%         2

Your spell library contained the following spells:

 Spells                   Type           Power      Damage    Failure   Level
 Olgreb's Toxic Radiance  Pois           19%        N/A       36%         4
 Mephitic Cloud           Conj/Pois/Air  7%         N/A       41%         3


Dungeon Overview and Level Annotations

Branches:
Dungeon (5/15)
 Temple: D:4-7

Altars:
Cheibriados
Makhleb
Zin

Shops:
D:1 !   D:4 !

Annotations:
D:5 1 transporter, Ijyb


Innate Abilities, Weirdness & Mutations

You have a pair of horns on your head.
You reflexively headbutt those who attack you in melee.


Message History

The hornet zombie misses you. You furiously retaliate!
You headbutt the hornet zombie, but do no damage.
You hit the hornet zombie but do no damage.
The hornet zombie is severely damaged.
The hornet zombie hits you.
You hit the hornet zombie.
The hornet zombie is severely damaged.
The hornet zombie closely misses you.
You hit the hornet zombie but do no damage.
The hornet zombie is severely damaged.
The hornet zombie closely misses you. The hornet zombie hits you.
* * * LOW HITPOINT WARNING * * *
You hit the hornet zombie but do no damage.
Your headbutt misses the hornet zombie.
The hornet zombie is severely damaged.
You block the hornet zombie's attack.
You hit the hornet zombie.
The hornet zombie is almost destroyed.
The hornet zombie hits you.
* * * LOW HITPOINT WARNING * * *
Casting: Sting (safe; 9% risk of failure)
Confirm with . or Enter, or press ? or * to list all spells.
Aiming: Sting (safe; 9% risk of failure)
Press: ? - help, Shift-Dir - straight line, f/p - hornet zombie
Aim: a hornet zombie (almost destroyed, 75% to hit)
You feel a surge of power!
The sting hits the hornet zombie.
The hornet zombie is almost destroyed.
The hornet zombie hits you.
* * * LOW HITPOINT WARNING * * *
The hornet zombie hits you.
* * * LOW HITPOINT WARNING * * *
Casting: Sting (safe; 9% risk of failure)
Confirm with . or Enter, or press ? or * to list all spells.
Aiming: Sting (safe; 9% risk of failure)
Press: ? - help, Shift-Dir - straight line, f/p - hornet zombie
Aim: a hornet zombie (almost destroyed, 75% to hit)
You feel a surge of power!
You miscast Sting.
You are very lightly contaminated with residual magic.
Nothing appears to happen.
The hornet zombie hits you!
You die...

### #.# ..## #.#
...####.######
.©...........#
#####..#####.## ..
.©.8#..##.....# #####....
.).P#..##.##..###........
#+###..##.#..>..#Z###..<.
...≈#...........@.# .
...≈#.###.#.###.###
...≈#. #.....#.# .♣.≈#.
#..#.#.#.#
.(.≈#.......#.#.#
...≈#.##..... ... ...≈#.
#...##.##. #+###. .>...
.. . ..


You could see a hornet zombie.

Vanquished Creatures
  Sigmund (D:3)
  Eustachio (D:4)
  An ogre (D:4)
  A necrophage (D:4)
  Blork the orc (D:4)
  A hound (D:5)
  A jelly (D:4)
  A gnoll shaman (D:4)
  Terence (D:3)
  Natasha (thrice) (D:3)
  3 gnolls (D:4)
  6 adders
  A worm (D:4)
  A dart slug (D:2)
  2 orcs
  5 ball pythons
  6 endoplasms
  A giant cockroach (D:3)
  8 hobgoblins
  4 jackals (D:3)
  2 quokkas
  6 bats
  3 frilled lizards (D:2)
  6 goblins
  5 kobolds
  2 rats
73 creatures vanquished.

Notes
Turn   | Place    | Note
-------+----------+-------------------------------------------
     0 | D:1      | innerfire433 the Minotaur Venom Mage began the quest for
                  | the Orb.
     0 | D:1      | Reached XP level 1. HP: 14/14 MP: 1/1
     0 | D:1      | Upgraded the game from 0.28-a0-1518-gbe868bca14 to
                  | 0.28-a0-1524-ge72afd5fc6
   221 | D:1      | Found a faded altar of an unknown god.
   247 | D:1      | Prayed at the altar of an unknown god.
   247 | D:1      | Became a worshipper of Makhleb the Destroyer
   247 | D:1      | Reached * piety under Makhleb
   325 | D:1      | Reached XP level 2. HP: 17/20 MP: 0/3
   615 | D:1      | Found Piemic's Distillery.
   623 | D:1      | Bought a potion of curing for 42 gold pieces
   853 | D:2      | Reached skill level 1 in Staves
  1150 | D:2      | Reached XP level 3. HP: 26/26 MP: 1/4
  1316 | D:2      | Reached skill level 1 in Evocations
  1791 | D:3      | Noticed Natasha
  1798 | D:3      | Killed Natasha
  1799 | D:3      | Reached skill level 1 in Armour
  1799 | D:3      | Reached XP level 4. HP: 33/33 MP: 1/5
  1855 | D:3      | Reached ** piety under Makhleb
  1985 | D:3      | Found a snail-covered altar of Cheibriados.
  2174 | D:3      | Found a glowing silver altar of Zin.
  2179 | D:3      | Noticed Terence
  2192 | D:3      | Killed Terence
  2340 | D:3      | Noticed Natasha
  2354 | D:3      | Killed Natasha
  2355 | D:3      | Reached XP level 5. HP: 17/38 MP: 0/6
  2426 | D:3      | Noticed Sigmund
  2437 | D:3      | Killed Sigmund
  2438 | D:3      | Reached XP level 6. HP: 34/45 MP: 2/7
  2827 | D:3      | Noticed Natasha
  2835 | D:3      | Killed Natasha
  3156 | D:4      | Reached skill level 1 in Shields
  3324 | D:4      | Noticed Blork the orc
  3338 | D:4      | Killed Blork the orc
  3341 | D:4      | Reached XP level 7. HP: 25/50 MP: 1/8
  3650 | D:4      | Found Fitrooku's Distillery.
  3653 | D:4      | Bought a potion of haste for 110 gold pieces
  3653 | D:4      | Bought a potion of flight for 33 gold pieces
  3704 | D:4      | Noticed Eustachio
  3719 | D:4      | Killed Eustachio
  4180 | D:4      | Learned a level 2 spell: Poisonous Vapours
  4937 | D:5      | Entered Level 5 of the Dungeon
  4937 | D:5      | Noticed Ijyb
  4937 | D:5      | Found a transporter.
  5100 | D:5      | Reached skill level 5 in Staves
  5100 | D:5      | Reached skill level 5 in Poison Magic
  5124 | D:5      | Slain by a hornet zombie

Illustrated notes

Levels and vault maps discovered:
D:1:      dpeg_arrival_rooms_c, layout_basic,
          dreamdust_ecumenical_altar_angels_and_demons, serial_shops,
          nicolae_shop_hallway_plus
D:2:      layout_rooms
D:3:      layout_basic, mainiacjoe_overflow_cross_hatched,
          general_overflow_altar, kennysheep_cross_bottleneck, uniq_natasha,
          uniq_sigmund, uniq_terence
D:4:      layout_loops_corners, serial_shops, kennysheep_mini, uniq_eustachio,
          uniq_blork_the_orc
D:5:      gammafunk_steamed_eel, layout_loops_cross, xom_butterflies,
          uniq_duvessa, uniq_menkaure, uniq_ijyb

Skill      XL: |  1  2  3  4  5  6  7 |
---------------+----------------------+-----
Staves         | 1 2 3 4 5 |  5.0
Evocations     | 1 2 3 |  3.5
Armour         | 1 |  1.1
Poison Magic   | 3 4 5 |  5.0
Shields        | 1 2 |  2.0
Dodging        | |  2.3
Stealth        | |  1.5
Spellcasting   | |  1.4
Transmutations | |  0.7

Action                   |  1- 3 |  4- 6 |  7- 9 || total
-------------------------+-------+-------+-------++-------
Melee: Staff             |    47 |    52 |    61 ||   160
       Unarmed           |     3 |       |       ||     3
       Headbutt          |     7 |    12 |    10 ||    29
       Punch             |     3 |       |     2 ||     5
 Cast: Sting             |    27 |    52 |    37 ||   116
       Poisonous Vapours |       |       |     1 ||     1
  Use: Potion            |       |       |     4 ||     4
Armor: Robe              |     4 |    12 |    12 ||    28
       Leather armour    |    10 |       |       ||    10
Dodge: Dodged            |    29 |    37 |    60 ||   126
Block: Other             |     4 |    13 |    19 ||    36

Table legend: (Time is in decaauts)
 A = Elapsed time spent in this place.
 B = Non-inter-level travel time spent in this place.
 C = Inter-level travel time spent in this place.
 D = Time resting spent in this place.
 E = Time spent auto-exploring this place.
 F = Levels seen in this place.
 G = Mean time per level.
                   A        B        C        D        E       F      G
               +--------+--------+--------+--------+--------+-----+--------+
         Total |   5070 |   4962 |    108 |      0 |   3970 |   5 | 1014.0 |
       Dungeon |   5070 |   4962 |    108 |      0 |   3970 |   5 | 1014.0 |
               +--------+--------+--------+--------+--------+-----+--------+

Top non-repeatable levels by time:
     D:4: 1777 daAuts
     D:3: 1338 daAuts
     D:2: 998 daAuts
     D:1: 795 daAuts
     D:5: 160 daAuts
